 Dungeon Crawl Stone Soup version 0.31.0-32-g396128a36d (webtiles) character file.

Game seed: 6294623239266249203

247 Silvore the Covered (level 5, 0/47 HPs)
             Began as a Minotaur Fighter on Mar 25, 2024.
             Succumbed to a kobold brigand's curare-tipped dart
             ... on level 3 of the Dungeon.
             The game lasted 00:02:48 (2168 turns).

Silvore the Covered (Minotaur Fighter)              Turns: 2168, Time: 00:02:49

Health: 0/47       AC: 11    Str: 23    XL:     5   Next: 85%
Magic:  4/4        EV:  8    Int:  5    God:
Gold:   101        SH:  4    Dex:  9    Spells: 4/4 levels left

rFire   . . .        a - +0 flail
rCold   . . .        c - +0 buckler
rNeg    . . .        p - +0 chain mail
rPois   .            (helmet restricted)
rElec   .            (no cloak)
rCorr   .            (no gloves)
SInv    .            o - +0 pair of boots
Will    .....        (no amulet) Stlth
                     (no ring)
HPRegen 0.27/turn    (no ring)
MPRegen 0.09/turn

%: no passive effects
@: mighty, lethally poisoned (0 -> -3), slowed, very slow
A: horns 2, retaliatory headbutt
a: no special abilities


You were on level 3 of the Dungeon.
You visited 1 branch of the dungeon, and saw 3 of its levels.

You collected 101 gold pieces.

Inventory:

Hand Weapons
 a - a +0 flail (weapon)
Armour
 b - a +0 scale mail
 c - a +0 buckler (worn)
 o - a +0 pair of boots (worn)
 p - a +0 chain mail (worn)
Scrolls
 f - a scroll of teleportation {unknown}
 h - 2 scrolls of identify {unknown}
 i - a scroll of immolation {unknown}
 k - a scroll of amnesia {unknown}
 n - a scroll of revelation {unknown}
 s - a scroll of brand weapon {unknown}
Potions
 e - 3 potions of curing {unknown}
 g - 2 potions of brilliance {unknown}
 j - 2 potions of haste {unknown}
 l - a potion of cancellation {unknown}
 m - a potion of magic {unknown}
 q - a potion of ambrosia {unknown}
 r - a potion of attraction {unknown}


   Skills:
 + Level 4.9 Fighting
 + Level 4.7 Maces & Flails
 + Level 5.0 Armour
 + Level 1.1 Dodging
 + Level 4.5 Shields


You had 4 spell levels left.
You didn't know any spells.
Your spell library contained the following spells:

 Spells                   Type           Power      Damage    Failure   Level
 Slow                     Hex            0%         N/A       98%         1
 Jinxbite                 Hex            0%         N/A       99%         2
 Confusing Touch          Hex            0%         N/A       100%        3
 Fugue of the Fallen      Necr           0%         N/A       100%        3
 Ozocubu's Armour         Ice            0%         N/A       100%        3
 Sigil of Binding         Hex            0%         N/A       100%        3
 Vampiric Draining        Necr           0%         2d6       100%        3
 Manifold Assault         Tloc           0%         N/A       100%        4
 Yara's Violent Unravell  Hex/Alch       0%         3d3       100%        5
 Enfeeble                 Hex            0%         N/A       100%        7


Dungeon Overview and Level Annotations

Branches:
Dungeon (3/15)

Altars:
Vehumet

Shops:
D:1 (


Innate Abilities, Weirdness & Mutations

You have a pair of horns on your head.
You reflexively headbutt those who attack you in melee.


Message History

The kobold brigand completely misses you.
The kobold hits you but does no damage.
The kobold brigand hits you with a +0 dagger of speed.
You closely miss the kobold brigand.
Your headbutt misses the kobold brigand.
The kobold brigand is severely wounded.
The kobold brigand closely misses you. You furiously retaliate!
You headbutt the kobold brigand!
You kill the kobold brigand!
The kobold hits you but does no damage.
Your Armour skill increases to level 5!
Your Dodging skill increases to level 1!
You sock the kobold!
You kill the kobold!
You see here a +0 dagger.
Found a short jewelled staff and 5 stones.
The kobold brigand shouts!
Found 29 gold pieces.
The kobold brigand throws a curare-tipped dart.
The curare-tipped dart hits you.
You are poisoned.
You have difficulty breathing.
You feel yourself slow down.
You feel very sick.
You barely miss the kobold brigand.
You headbutt the kobold brigand, but do no damage.
You feel very sick.
The kobold brigand hits you with a +0 club.
* * * LOW HITPOINT WARNING * * *
The kobold brigand hits you with a +0 club!
* * * LOW HITPOINT WARNING * * *
You feel very mighty all of a sudden.
You feel sick.
The kobold brigand hits you but does no damage.
You closely miss the kobold brigand.
You feel sick.
The kobold brigand hits you with a +0 club.
* * * LOW HITPOINT WARNING * * *
The kobold brigand hits you but does no damage.
You hit the kobold brigand. You headbutt the kobold brigand!
The kobold brigand is heavily wounded.
You die...

#)#.#...### #.#
#####.#.......### #.#
#............(..#######.#
#######.###.#....<......†......
............##....###..#.###..#
.######.######....# #..#.###..#
#.# #............~~~... ###.#
#########~~~~~~~~~. #...#
###@..######~≈~≈~~~~ #.###
#.K....)...###≈≈≈### #.#
$|....###.)..)..#####..
#.##$(..###≈######.........
#.#######≈≈≈≈~~~~###.....## #.#
#~~~~≈≈~~....#######.
#.#######~~~~~#....#.# #...
#.....)....###...###.# #...
#########..##.....##.###.##


You could see a kobold brigand.

Vanquished Creatures
  A kobold brigand (D:3)
  A bombardier beetle (D:3)
  Jessica (D:2)
  Terence (D:3)
  2 adders
  3 dart slugs
  3 ball pythons
  11 bats
  3 endoplasms
  2 giant cockroaches (D:1)
  4 goblins (D:2)
  9 hobgoblins
  6 jackals (D:2)
  2 quokkas
  A frilled lizard (D:3)
  9 kobolds
  4 rats
63 creatures vanquished.

Notes
Turn   | Place    | Note
-------+----------+-------------------------------------------
     0 | D:1      | Silvore the Minotaur Fighter began the quest for the Orb.
     0 | D:1      | Reached XP level 1. HP: 19/19 MP: 0/0
   188 | D:1      | Reached XP level 2. HP: 22/27 MP: 1/1
   653 | D:1      | Found Dyuxzugh's Antique Weapon Emporium.
   878 | D:2      | Reached skill level 4 in Armour
   903 | D:2      | Found a radiant altar of Vehumet.
   905 | D:2      | Noticed Jessica
   915 | D:2      | Killed Jessica
   916 | D:2      | Reached XP level 3. HP: 34/34 MP: 2/2
   983 | D:2      | Reached XP level 4. HP: 40/41 MP: 3/3
  1937 | D:3      | Reached XP level 5. HP: 39/47 MP: 4/4
  1980 | D:3      | Noticed Terence
  1987 | D:3      | Killed Terence
  2159 | D:3      | Reached skill level 5 in Armour
  2159 | D:3      | Reached skill level 1 in Dodging
  2167 | D:3      | HP: 1/47 [kobold brigand/+0 club (4)]
  2168 | D:3      | Succumbed to a kobold brigand's curare-tipped dart

Illustrated notes

Levels and vault maps discovered:
D:1:      ldierk_walled_garden_2, layout_basic, serial_shops, shop,
          hangedman_abyss_or_decor_stabs, minmay_misc_feat_rows
D:2:      layout_basic, basic_altar, uniq_jessica
D:3:      cheibrodos_thug_alley, layout_loops_ring, uniq_terence

Skill      XL: |  1  2  3  4  5 |
---------------+----------------+-----
Fighting       | 4 |  4.9
Shields        | 4 |  4.5
Armour         | 4 5 |  5.0
Maces & Flails | 3 4 |  4.7
Dodging        | 1 |  1.1

Action                     |  1- 3 |  4- 6 || total
---------------------------+-------+-------++-------
  Melee: Flail             |    50 |    91 ||   141
         Headbutt          |     8 |    11 ||    19
    Use: Potion            |       |     1 ||     1
 Armour: Scale mail        |    36 |    36 ||    72
         Chain mail        |       |    51 ||    51
  Dodge: Dodged            |    45 |    52 ||    97
  Block: Buckler           |    11 |    23 ||    34
